| TOP OF THE 1ST |
|
Clemson University Tigers batting - Pitching for Ohio State University Buckeyes : RHP Ben Fekete
|
|
Pitching: RHP Ben Fekete
|
|
|
Batting: LHB Steve Gates
|
0-0: Ball 1-0: Ground out 6-3 (Groundball, 6, EV 83.8 MPH)
|
|
Batting: LHB Mario Nunez
|
0-0: Ball 1-0: Ground out 4-3 (Groundball, 4, EV 100.0 MPH)
|
|
Batting: RHB Marco Maggs
|
0-0: Called Strike 0-1: Swinging Strike 0-2: Strikes out swinging
|
| Top of the 1st over - 0 runs, 0 hits, 0 errors, 0 left on base; Clemson University 0 - Ohio State University 0 |
| BOTTOM OF THE 1ST |
|
Ohio State University Buckeyes batting - Pitching for Clemson University Tigers : RHP Trevor Doyle
|
|
Pitching: RHP Trevor Doyle
|
|
|
Batting: RHB Mike Tarantino
|
0-0: Ball 1-0: Called Strike 1-1: Ground out 6-3 (Groundball, 6, EV 83.1 MPH)
|
|
Batting: RHB David Guillen
|
0-0: Called Strike 0-1: Ground out 5-3 (Groundball, 5L, EV 100.0 MPH)
|
|
Batting: RHB Tristan Gimple
|
0-0: Foul Ball, location: 2F 0-1: Foul Ball, location: 5FF 0-2: Strikes out swinging
|
| Bottom of the 1st over - 0 runs, 0 hits, 0 errors, 0 left on base; Clemson University 0 - Ohio State University 0 |
| TOP OF THE 2ND |
|
Clemson University Tigers batting - Pitching for Ohio State University Buckeyes : RHP Ben Fekete
|
|
Batting: LHB Alfredo Padilla
|
0-0: Called Strike 0-1: Ball 1-1: Foul Ball, location: 7LDF 1-2: Ball 2-2: Ball 3-2: Fly out, F9 (Line Drive, 89M, EV 90.0 MPH)
|
|
Batting: LHB George Jedinak
|
0-0: Called Strike 0-1: Foul Ball, location: 2F 0-2: Ball 1-2: Ball 2-2: Ground out 6-3 (Groundball, 6S, EV 79.4 MPH)
|
|
Batting: RHB Justin Ferrin
|
0-0: Fly out, F7 (Flyball, 78M, EV 98.1 MPH)
|
| Top of the 2nd over - 0 runs, 0 hits, 0 errors, 0 left on base; Clemson University 0 - Ohio State University 0 |
| BOTTOM OF THE 2ND |
|
Ohio State University Buckeyes batting - Pitching for Clemson University Tigers : RHP Trevor Doyle
|
|
Batting: LHB Tony Abascal
|
0-0: Called Strike 0-1: Ball 1-1: Ball 2-1: Foul Ball, location: 3FF 2-2: Ball 3-2: Fly out, F7 (Line Drive, 7S, EV 103.1 MPH)
|
|
Batting: RHB Bo Wu
|
0-0: Ball 1-0: SINGLE (Groundball, 6MS, EV 86.3 MPH) (infield hit)
|
|
Batting: LHB Anthony Ross
|
0-0: Called Strike 0-1: Ball Wild Pitch! Bo Wu to second 1-1: Ball 2-1: Foul Ball, location: 2F 2-2: Strikes out looking
|
|
Batting: RHB Marcelo Bardelli
|
0-0: Ground out 5-3 (Groundball, 56, EV 80.6 MPH)
|
| Bottom of the 2nd over - 0 runs, 1 hit, 0 errors, 1 left on base; Clemson University 0 - Ohio State University 0 |
| TOP OF THE 3RD |
|
Clemson University Tigers batting - Pitching for Ohio State University Buckeyes : RHP Ben Fekete
|
|
Batting: LHB Tony Rivera
|
0-0: Called Strike 0-1: Called Strike 0-2: Strikes out swinging
|
|
Batting: RHB Danny Gutierrez
|
0-0: Called Strike 0-1: DOUBLE (Line Drive, 7LM, EV 103.8 MPH)
|
|
Batting: RHB David Rhodes
|
0-0: Ball 1-0: Ball 2-0: Foul Ball, location: 3DF 2-1: Ground out 1-3 (Groundball, 15S, EV 66.9 MPH)
|
|
Batting: LHB Steve Gates
|
0-0: Ball 1-0: Ball 2-0: Fly out, F9 (Flyball, 9D, EV 110.0 MPH)
|
| Top of the 3rd over - 0 runs, 1 hit, 0 errors, 1 left on base; Clemson University 0 - Ohio State University 0 |
| BOTTOM OF THE 3RD |
|
Ohio State University Buckeyes batting - Pitching for Clemson University Tigers : RHP Trevor Doyle
|
|
Batting: LHB Adam Simpson
|
0-0: Ball 1-0: Ball 2-0: Fly out, F8 (Flyball, 8RXD, EV 110.0 MPH)
|
|
Batting: LHB Ben Callaway
|
0-0: Ball 1-0: Fly out, F8 (Flyball, 8LD, EV 106.9 MPH)
|
|
Batting: RHB Mike Tarantino
|
0-0: Called Strike 0-1: Ball 1-1: Called Strike 1-2: Strikes out looking
|
| Bottom of the 3rd over - 0 runs, 0 hits, 0 errors, 0 left on base; Clemson University 0 - Ohio State University 0 |
| TOP OF THE 4TH |
|
Clemson University Tigers batting - Pitching for Ohio State University Buckeyes : RHP Ben Fekete
|
|
Batting: LHB Mario Nunez
|
0-0: Ball 1-0: Ball 2-0: Foul Ball, location: 25F 2-1: Foul Ball, location: 25F 2-2: SOLO HOME RUN (Flyball, 9D, EV 98.8 MPH), Distance : 366 ft
|
|
Batting: RHB Marco Maggs
|
0-0: Swinging Strike 0-1: Ball 1-1: Ball 2-1: Swinging Strike 2-2: Strikes out swinging
|
|
Batting: LHB Alfredo Padilla
|
0-0: Called Strike 0-1: Ball 1-1: Ball 2-1: Foul Ball, location: 3F 2-2: Ball 3-2: Base on Balls
|
|
Batting: LHB George Jedinak
|
0-0: Ball 1-0: Called Strike 1-1: Called Strike 1-2: Strikes out swinging
|
|
Batting: RHB Justin Ferrin
|
0-0: Ball 1-0: Ball 2-0: Foul Ball, location: 5FF 2-1: Called Strike 2-2: Strikes out swinging
|
| Top of the 4th over - 1 run, 1 hit, 0 errors, 1 left on base; Clemson University 1 - Ohio State University 0 |
| BOTTOM OF THE 4TH |
|
Ohio State University Buckeyes batting - Pitching for Clemson University Tigers : RHP Trevor Doyle
|
|
Batting: RHB David Guillen
|
0-0: Ground out 5-3 (Groundball, 5, EV 83.1 MPH)
|
|
Batting: RHB Tristan Gimple
|
0-0: Ground out 4-3 (Groundball, 13, EV 83.8 MPH)
|
|
Batting: LHB Tony Abascal
|
0-0: Called Strike 0-1: Ball 1-1: Ball 2-1: Ground out 1-3 (Groundball, 15S, EV 75.0 MPH)
|
| Bottom of the 4th over - 0 runs, 0 hits, 0 errors, 0 left on base; Clemson University 1 - Ohio State University 0 |
| TOP OF THE 5TH |
|
Clemson University Tigers batting - Pitching for Ohio State University Buckeyes : RHP Ben Fekete
|
|
Batting: LHB Tony Rivera
|
0-0: Called Strike 0-1: Ball 1-1: Called Strike 1-2: Strikes out looking
|
|
Batting: RHB Danny Gutierrez
|
0-0: Ball 1-0: Ball 2-0: Ball 3-0: Called Strike 3-1: Foul Ball, location: 3SF 3-2: Foul Ball, location: 2F 3-2: Base on Balls
|
|
Batting: RHB David Rhodes
|
0-0: Ball 1-0: Foul Ball, location: 5FF 1-1: Ball 2-1: 2-RUN HOME RUN (Line Drive, 7D, EV 110.6 MPH), Distance : 402 ft
|
|
Batting: LHB Steve Gates
|
0-0: Ball 1-0: DOUBLE (Line Drive, 9LS, EV 98.8 MPH)
|
|
Batting: LHB Mario Nunez
|
0-0: Ball 1-0: Ball 2-0: Foul Ball, location: 7LDF 2-1: Foul Ball, location: 2F 2-2: Foul Ball, location: 2F 2-2: Hit by Pitch
|
|
Batting: RHB Marco Maggs
|
0-0: Ball 1-0: Foul Ball, location: 2F 1-1: Fielders Choice at 2nd, 5-4 (Groundball, 56S, EV 89.4 MPH) Steve Gates to third
|
|
Batting: LHB Alfredo Padilla
|
0-0: Called Strike 0-1: Foul Ball, location: 7LDF 0-2: Strikes out swinging
|
| Top of the 5th over - 2 runs, 2 hits, 0 errors, 2 left on base; Clemson University 3 - Ohio State University 0 |
| BOTTOM OF THE 5TH |
|
Ohio State University Buckeyes batting - Pitching for Clemson University Tigers : RHP Trevor Doyle
|
|
Batting: RHB Bo Wu
|
0-0: Ball 1-0: Foul Ball, location: 9LSF 1-1: Foul Ball, location: 25FF 1-2: SINGLE (Line Drive, 8LS, EV 94.4 MPH)
|
|
Batting: LHB Anthony Ross
|
0-0: Ball 1-0: Ball 2-0: Ball 3-0: Called Strike 3-1: Base on Balls Bo Wu to second
|
|
Batting: RHB Marcelo Bardelli
|
0-0: Ball 1-0: Called Strike 1-1: Ball Wild Pitch! Bo Wu to third Anthony Ross to second 2-1: Ball 3-1: Base on Balls
|
|
Batting: LHB Adam Simpson
|
0-0: Grounds into fielders choice 3-2 (Groundball, 34S, EV 86.9 MPH) Anthony Ross to third Marcelo Bardelli to second
|
|
Batting: LHB Ben Callaway
|
0-0: Called Strike 0-1: Ball 1-1: Foul Ball, location: 3F 1-2: Grounds into fielders choice 6-2 (Groundball, 6, EV 80.6 MPH) Marcelo Bardelli to third Adam Simpson to second
|
|
Batting: RHB Mike Tarantino
|
0-0: Called Strike 0-1: Called Strike 0-2: Strikes out swinging
|
| Bottom of the 5th over - 0 runs, 1 hit, 0 errors, 3 left on base; Clemson University 3 - Ohio State University 0 |
| TOP OF THE 6TH |
|
Clemson University Tigers batting - Pitching for Ohio State University Buckeyes : RHP Ben Fekete
|
|
Pitching: RHP Andy Hollis
|
|
|
Batting: LHB George Jedinak
|
0-0: Ball 1-0: Ball 2-0: Called Strike 2-1: Ball 3-1: Base on Balls
|
|
Batting: RHB Justin Ferrin
|
0-0: Called Strike 0-1: Ball 1-1: Swinging Strike 1-2: Foul Ball, location: 2F 1-2: Foul Ball, location: 2F 1-2: Ball 2-2: Strikes out swinging
|
|
Batting: LHB Tony Rivera
|
0-0: Foul Ball, location: 25F 0-1: Swinging Strike 0-2: Ball 1-2: Foul Ball, location: 9LSF 1-2: Foul Ball, location: 2LF 1-2: Ball 2-2: Ball 3-2: Foul Ball, location: 7LMF 3-2: Foul Ball, location: 7LMF 3-2: Base on Balls George Jedinak to second
|
|
Batting: RHB Danny Gutierrez
|
0-0: Foul Ball, location: 25F 0-1: Ball 1-1: Swinging Strike 1-2: Foul Ball, location: 3FF 1-2: Foul Ball, location: 9LDF 1-2: Fly out, F9 (Flyball, 89S, EV 79.4 MPH)
|
|
Batting: RHB David Rhodes
|
0-0: Ball Wild Pitch! George Jedinak to third Tony Rivera to second 1-0: Called Strike 1-1: Ball 2-1: Ball 3-1: Base on Balls
|
|
Batting: LHB Steve Gates
|
0-0: Ball 1-0: Foul Ball, location: 9LMF 1-1: Swinging Strike 1-2: Fly out, F8 (Line Drive, 8RM, EV 93.1 MPH)
|
| Top of the 6th over - 0 runs, 0 hits, 0 errors, 3 left on base; Clemson University 3 - Ohio State University 0 |
| BOTTOM OF THE 6TH |
|
Ohio State University Buckeyes batting - Pitching for Clemson University Tigers : RHP Trevor Doyle
|
|
Batting: RHB David Guillen
|
0-0: Ball 1-0: Ball 2-0: Ball 3-0: Base on Balls
|
|
Batting: RHB Tristan Gimple
|
0-0: Ball 1-0: SINGLE (Flyball, 7LS, EV 98.8 MPH) David Guillen to second
|
|
Batting: LHB Tony Abascal
|
0-0: Ball 1-0: Foul Ball, location: 3FF 1-1: Ball 2-1: Ball 3-1: Foul Ball, location: 3F 3-2: Foul Ball, location: 2RF 3-2: Foul Ball, location: 2F 3-2: Foul Ball, location: 3F 3-2: Fly out, F8 (Flyball, 8LM, EV 80.0 MPH)
|
|
Batting: RHB Bo Wu
|
0-0: Swinging Strike 0-1: Ball 1-1: Ball 2-1: Ball 3-1: Base on Balls David Guillen to third Tristan Gimple to second
|
|
Batting: LHB Anthony Ross
|
0-0: Ball 1-0: Foul Ball, location: 2F 1-1: Foul Ball, location: 9LMF 1-2: Foul Ball, location: 5FF 1-2: Foul Ball, location: 2F 1-2: Grounds into fielders choice 6-2 (Groundball, 4MS, EV 68.8 MPH) Tristan Gimple to third Bo Wu to second
|
|
Pitching: RHP Joe Maid
|
|
|
Batting: RHB Marcelo Bardelli
|
0-0: Fly out, F8 (Flyball, 8LD, EV 100.0 MPH)
|
| Bottom of the 6th over - 0 runs, 1 hit, 0 errors, 3 left on base; Clemson University 3 - Ohio State University 0 |
| TOP OF THE 7TH |
|
Clemson University Tigers batting - Pitching for Ohio State University Buckeyes : RHP Andy Hollis
|
|
Pitching: RHP Bob Rowsell
|
|
|
Batting: LHB Mario Nunez
|
0-0: Ball 1-0: Ball 2-0: Called Strike 2-1: Foul Ball, location: 7LSF 2-2: Foul Ball, location: 23F 2-2: Ball 3-2: Ground out 5-3 (Groundball, 56, EV 83.1 MPH)
|
|
Batting: RHB Marco Maggs
|
0-0: Ball 1-0: Foul Ball, location: 9LDF 1-1: Called Strike 1-2: Ground out 4-3 (Groundball, 4, EV 87.5 MPH)
|
|
Batting: LHB Alfredo Padilla
|
0-0: Ball 1-0: Ball 2-0: Called Strike 2-1: Ground out 6-3 (Groundball, 6, EV 104.4 MPH)
|
| Top of the 7th over - 0 runs, 0 hits, 0 errors, 0 left on base; Clemson University 3 - Ohio State University 0 |
| BOTTOM OF THE 7TH |
|
Ohio State University Buckeyes batting - Pitching for Clemson University Tigers : RHP Joe Maid
|
|
Batting: LHB Adam Simpson
|
0-0: Foul Ball, location: 2F 0-1: Foul Ball, location: 2F 0-2: Ball 1-2: SINGLE (Line Drive, 56, EV 102.5 MPH)
|
|
Batting: LHB Ben Callaway
|
0-0: Foul Ball, location: 2F 0-1: Ball 1-1: Ball Adam Simpson steals 2nd base 2-1: Foul Ball, location: 2F 2-2: Ball Passed Ball! Adam Simpson to third 3-2: DOUBLE (Line Drive, 78D, EV 97.5 MPH) Adam Simpson scores
|
|
Batting: RHB Mike Tarantino
|
0-0: Ball 1-0: Called Strike 1-1: Ball 2-1: Swinging Strike 2-2: Fly out, F9 (Flyball, 89M, EV 96.9 MPH)
|
|
Batting: RHB David Guillen
|
0-0: Foul Ball, location: 2F 0-1: Ball 1-1: Ball 2-1: Called Strike 2-2: Fly out, F9 (Flyball, 89S, EV 89.4 MPH)
|
|
Batting: RHB Tristan Gimple
|
0-0: Ball 1-0: Ball 2-0: Called Strike 2-1: Ball 3-1: Foul Ball, location: 2F 3-2: Base on Balls
|
|
Pitching: LHP Brian Anderson
|
|
|
Batting: LHB Tony Abascal
|
0-0: SINGLE (Groundball, 34D, EV 98.8 MPH) Ben Callaway to third Tristan Gimple to second Runner from 3rd tries for Home, SAFE, throw by RF to home
|
|
Pitching: LHP Jonathan Hughes
|
|
|
Batting: RHB Bo Wu
|
0-0: Ball 1-0: Fly out, F9 (Line Drive, 8RM, EV 92.5 MPH)
|
| Bottom of the 7th over - 2 runs, 3 hits, 0 errors, 2 left on base; Clemson University 3 - Ohio State University 2 |
| TOP OF THE 8TH |
|
Clemson University Tigers batting - Pitching for Ohio State University Buckeyes : RHP Bob Rowsell
|
|
Pitching: LHP Adrien Leroy
|
|
|
Batting: LHB George Jedinak
|
0-0: Called Strike 0-1: Foul Ball, location: 2F 0-2: Ball 1-2: Fly out, F7 (Flyball, 78M, EV 73.8 MPH)
|
|
Batting: RHB Justin Ferrin
|
0-0: Called Strike 0-1: SINGLE (Line Drive, 7LS, EV 108.1 MPH)
|
|
Pinch Hitting: LHB David Fiedler
|
0-0: Ball 1-0: Ball 2-0: Swinging Strike 2-1: Ball 3-1: Base on Balls Justin Ferrin to second
|
|
Batting: RHB Danny Gutierrez
|
0-0: Called Strike 0-1: DOUBLE (Line Drive, 78D, EV 106.3 MPH) Justin Ferrin scores David Fiedler to third Runner from 3rd tries for Home, SAFE, no throw by LF
|
|
Batting: RHB David Rhodes
|
0-0: Ground out 6-3 (Groundball, 6, EV 105.6 MPH) Danny Gutierrez to third
|
|
Batting: LHB Steve Gates
|
0-0: Ball 1-0: Ball 2-0: Called Strike 2-1: Foul Ball, location: 2F 2-2: Strikes out swinging
|
| Top of the 8th over - 2 runs, 2 hits, 0 errors, 1 left on base; Clemson University 5 - Ohio State University 2 |
| BOTTOM OF THE 8TH |
|
Ohio State University Buckeyes batting - Pitching for Clemson University Tigers : LHP Jonathan Hughes
|
|
Pitching: RHP Richard Clements
|
|
|
Now in CF: Jochen Salt
|
|
|
Now in RF: Steve Gates
|
|
|
Batting: LHB Anthony Ross
|
0-0: Reached on error, E4 (Groundball, 34, EV 81.9 MPH)
|
|
Batting: RHB Marcelo Bardelli
|
0-0: Ball 1-0: Ball 2-0: Foul Ball, location: 9LMF 2-1: Fielders Choice at 2nd, 1-4 (Groundball, 15S, EV 73.1 MPH)
|
|
Batting: LHB Adam Simpson
|
0-0: Foul Ball, location: 3F 0-1: Ball 1-1: Foul Ball, location: 2F 1-2: Fly out, F8 (Line Drive, 8RM, EV 96.9 MPH)
|
|
Batting: LHB Ben Callaway
|
0-0: Foul Ball, location: 2LF 0-1: Ball 1-1: Called Strike 1-2: Strikes out looking
|
| Bottom of the 8th over - 0 runs, 0 hits, 1 error, 1 left on base; Clemson University 5 - Ohio State University 2 |
| TOP OF THE 9TH |
|
Clemson University Tigers batting - Pitching for Ohio State University Buckeyes : LHP Adrien Leroy
|
|
Batting: LHB Mario Nunez
|
0-0: Ball 1-0: Ball 2-0: Swinging Strike 2-1: DOUBLE (Line Drive, 5D, EV 70.0 MPH)
|
|
Batting: RHB Marco Maggs
|
0-0: Ball 1-0: Called Strike 1-1: Foul Ball, location: 3FF 1-2: Foul Ball, location: 25F 1-2: Strikes out swinging
|
|
Batting: LHB Alfredo Padilla
|
0-0: Swinging Strike 0-1: Ground out 5-3 (Groundball, 56S, EV 65.0 MPH) Mario Nunez to third
|
|
Batting: LHB George Jedinak
|
0-0: Called Strike 0-1: Foul Ball, location: 5F 0-2: Ball 1-2: Ball 2-2: Ball 3-2: Foul Ball, location: 2F 3-2: Foul Ball, location: 2F 3-2: Strikes out swinging
|
| Top of the 9th over - 0 runs, 1 hit, 0 errors, 1 left on base; Clemson University 5 - Ohio State University 2 |
| BOTTOM OF THE 9TH |
|
Ohio State University Buckeyes batting - Pitching for Clemson University Tigers : RHP Richard Clements
|
|
Pitching: LHP Will West
|
|
|
Batting: RHB Mike Tarantino
|
0-0: Ball 1-0: Foul Ball, location: 2F 1-1: Called Strike 1-2: Ground out 4-3 (Groundball, 4, EV 85.0 MPH)
|
|
Batting: RHB David Guillen
|
0-0: Ball 1-0: Ball 2-0: Ball 3-0: Called Strike 3-1: Ground out 6-3 (Groundball, 6, EV 83.1 MPH)
|
|
Batting: RHB Tristan Gimple
|
0-0: Swinging Strike 0-1: Ball 1-1: Called Strike 1-2: Fly out, F8 (Flyball, 8RD, EV 105.6 MPH)
|
| Bottom of the 9th over - 0 runs, 0 hits, 0 errors, 0 left on base; Clemson University 5 - Ohio State University 2 |
|